 Dungeon Crawl Stone Soup version 0.32-a0-43-g058985b245 (webtiles) character file.

Game seed: 15813752456387589875

226 BubbleThief the Apothecary (level 6, -3/49 HPs)
             Began as a Naga Alchemist on Feb 4, 2024.
             Slain by a phantom (6 damage)
             ... on level 3 of the Dungeon.
             The game lasted 00:04:31 (1990 turns).

BubbleThief the Apothecary (Naga Alchemist)         Turns: 1990, Time: 00:04:32

Health: -3/49      AC:  3    Str: 10    XL:     6   Next: 1%
Magic:  3/11       EV:  9    Int: 18    God:
Gold:   56         SH:  5    Dex: 11    Spells: 4/12 levels left

rFire   . . .        n - +0 dagger
rCold   + . .        (no shield)
rNeg    . . .        a - +0 robe
rPois   +            (no helmet)
rElec   .            (no cloak)
rCorr   .            (no gloves)
SInv    +            (no barding)
Will    .....        j - amulet of reflection
Stlth   +            c - ring of protection from cold
HPRegen 0.28/turn    (no ring)
MPRegen 0.12/turn

%: reflection
@: silenced, very slow
A: AC +2, large, see invisible, deformed body, poison resistance, slowness 2,
spit poison 1, naga tail 1
a: Spit Poison


You were on level 3 of the Dungeon.
You visited 1 branch of the dungeon, and saw 3 of its levels.

You collected 56 gold pieces.

Inventory:

Hand Weapons
 n - a +0 dagger (weapon)
Armour
 a - a +0 robe (worn)
 h - a +0 buckler
Magical Staves
 s - a staff of conjuration
Jewellery
 c - a ring of protection from cold (left hand)
 j - an amulet of reflection (around neck)
Scrolls
 e - a scroll of teleportation {unknown}
 f - 2 scrolls of enchant weapon {unknown}
 l - 2 scrolls of blinking {unknown}
 o - 2 scrolls of identify {unknown}
 r - a scroll of noise {unknown}
Potions
 b - a potion of magic
 g - a potion of haste {unknown}
 i - 2 potions of enlightenment {unknown}
 k - a potion of might {unknown}
 m - a potion of brilliance {unknown}
 p - a potion of lignification {unknown}
 q - a potion of curing {unknown}


   Skills:
 - Level 1.5 Dodging
 - Level 3.0 Stealth
 + Level 3.5 Spellcasting
 - Level 1.0 Conjurations
 * Level 6.7 Alchemy


You had 4 spell levels left.
You knew the following spells:

 Your Spells              Type           Power      Damage    Failure   Level
a - Sting                 Conj/Alch      68%        1d7       3%          1
b - Mephitic Cloud        Conj/Alch/Air  12%        N/A       16%         3
c - Olgreb's Toxic Radia  Alch           27%        N/A       10%         4

Your spell library contained the following spells:

 Spells                   Type           Power      Damage    Failure   Level
 Mercury Vapours          Alch/Air       30%        N/A       6%          2
 Magic Dart               Conj           24%        1d4       11%         1
 Static Discharge         Conj/Air       10%        3-4/arc   19%         2
 Blink                    Tloc           6%         N/A       24%         2
 Call Imp                 Summ           6%         N/A       24%         2
 Dazzling Flash           Conj/Hex       10%        N/A       36%         3
 Sticky Flame             Fire/Alch      15%        2d5       36%         4
 Airstrike                Air            1%         2d(1-17)  83%         4
 Summon Lightning Spire   Summ/Air       3%         N/A       83%         4
 Curse of Agony           Necr           3%         N/A       99%         5
 Silence                  Hex/Air        1%         N/A       99%         5


Dungeon Overview and Level Annotations

Branches:
Dungeon (3/15)

Altars:

Shops:
D:1 !


Innate Abilities, Weirdness & Mutations

Your serpentine skin is tough. (AC +2)
You have supernaturally acute eyesight. (SInv)
Armour fits poorly on your strangely shaped body.
Your system is resistant to poisons. (rPois)
You cover ground very slowly.
You can spit poison.
You have a snake-like lower body.


Message History

Press: ? - help, Q - select action, (/) - cycle Shift-Dir - straight line, f/p - phantom
Aim: a phantom (moderately damaged, 64% to hit)
The sting hits the phantom.
The phantom is moderately damaged.
The phantom hits you but does no damage.
You barely miss the phantom.
The phantom is moderately damaged.
The phantom hits you.
The phantom blinks!
You blink.
You aren't carrying any items that you can evoke.
Okay, then.
You hit the phantom but do no damage.
The phantom is moderately damaged.
The phantom hits you.
You barely miss the phantom.
The phantom is moderately damaged.
The phantom barely misses you. The phantom attacks as it pursues you!
The phantom hits you. The phantom hits you.
The phantom attacks as it pursues you! The phantom hits you.
The phantom blinks!
You blink.
The phantom hits you. x2
The phantom attacks as it pursues you! The phantom hits you.
* * * LOW HITPOINT WARNING * * *
An orc comes into view. It is wielding a +0 morningstar.
The orc moves out of view.
The phantom hits you!
* * * LOW HITPOINT WARNING * * *
The phantom blinks!
You blink.
As you read the scroll labelled LUSMEM XEPRE, it crumbles to dust.
A profound silence engulfs you.
It was a scroll of silence.
You block the phantom's attack. The phantom attacks as it pursues you!
The phantom hits you.
* * * LOW HITPOINT WARNING * * *
The phantom closely misses you.
Okay, then.
The phantom attacks as it pursues you! The phantom hits you.
* * * LOW HITPOINT WARNING * * *
The phantom hits you but does no damage.
The phantom hits you.
You die...

#.#.#.. #.#...
#.##.# #.##.#
#....# #..#.#
########.##.######
......[..@W......#
.######.###.####.#
#.##...###.# #.#
#..........# #.#
#.##.######## #.#
#..........<# #.#
#..###.########
#.# #.............
#.#
.......>######.
#.#


You could see a phantom.

Vanquished Creatures
  Sigmund (D:2)
  An adder (D:2)
  2 dart slugs (D:2)
  2 ribbon worms (D:2)
  7 ball pythons
  8 endoplasms
  A giant cockroach (D:1)
  3 goblins
  3 hobgoblins (D:1)
  2 kobolds
  4 quokkas
  6 bats
  3 frilled lizards
  5 rats
48 creatures vanquished.

Notes
Turn   | Place    | Note
-------+----------+-------------------------------------------
     0 | D:1      | BubbleThief the Naga Alchemist began the quest for the Orb.
     0 | D:1      | Reached XP level 1. HP: 15/15 MP: 3/3
   114 | D:1      | Reached skill level 4 in Alchemy
   131 | D:1      | Reached XP level 2. HP: 8/22 MP: 0/5
   526 | D:1      | Found Kint's Distillery.
   532 | D:1      | Reached XP level 3. HP: 28/28 MP: 4/6
  1068 | D:2      | Reached skill level 5 in Alchemy
  1220 | D:2      | Reached XP level 4. HP: 36/36 MP: 4/8
  1224 | D:2      | Learned a level 3 spell: Mephitic Cloud
  1229 | D:2      | Learned a level 4 spell: Olgreb's Toxic Radiance
  1430 | D:2      | Noticed Sigmund
  1439 | D:2      | Killed Sigmund
  1440 | D:2      | Reached skill level 6 in Alchemy
  1440 | D:2      | Reached XP level 5. HP: 42/42 MP: 1/10
  1625 | D:2      | Reached XP level 6. HP: 49/49 MP: 9/11
  1987 | D:3      | HP: 2/49 [phantom (5)]
  1990 | D:3      | Slain by a phantom

Illustrated notes

Levels and vault maps discovered:
D:1:      dpeg_arrival_tiny_a, layout_basic, serial_shops,
          nicolae_shop_tiny_real_fake_doors, minmay_pentomino_w4
D:2:      layout_basic, minmay_misc_feat_tiny, uniq_sigmund
D:3:      layout_basic, nicolae_wu_jian_wuxing_cycle,
          minmay_overflow_temple_star_quad, chequers_temple_overflow_minitemple

Skill      XL: |  1  2  3  4 |
---------------+-------------+-----
Alchemy        | 4 5 6 |  6.7
Spellcasting   | 3 |  3.5
Dodging        | |  1.5
Stealth        | |  3.0
Conjurations   | |  1.0

Action                     |  1- 3 |  4- 6 || total
---------------------------+-------+-------++-------
  Melee: Unarmed           |    10 |       ||    10
         Dagger            |     3 |     5 ||     8
   Cast: Sting             |    51 |    21 ||    72
         Mephitic Cloud    |       |     1 ||     1
Ability: Spit Poison       |    31 |    10 ||    41
    Use: Scroll            |       |     1 ||     1
 Armour: Robe              |    40 |    22 ||    62
  Dodge: Dodged            |    36 |     9 ||    45
  Block: Other             |     2 |     4 ||     6

Table legend: (Time is in decaauts)
 A = Elapsed time spent in this place.
 B = Non-inter-level travel time spent in this place.
 C = Inter-level travel time spent in this place.
 D = Time resting spent in this place.
 E = Time spent auto-exploring this place.
 F = Levels seen in this place.
 G = Mean time per level.
                   A        B        C        D        E       F      G
               +--------+--------+--------+--------+--------+-----+--------+
         Total |   2473 |   2405 |     68 |      0 |   2001 |   3 |  824.3 |
       Dungeon |   2473 |   2405 |     68 |      0 |   2001 |   3 |  824.3 |
               +--------+--------+--------+--------+--------+-----+--------+

Top non-repeatable levels by time:
     D:2: 1218 daAuts
     D:1: 1180 daAuts
     D:3: 75 daAuts
